Workbook

Sheet Handling calculator
B1: Operations 24/7:
B2: ops@da-vinci.aero | da-vinci.aero
B3: tel: +39 010 984 8079; +39 010 984 78 41
B4: HANDLING CALCULATOR
A5: PLEASE FILL IN YELLOW BOXES TO GET THE PRICE
A6: FLIGHT INFO
A7: aircraft MTOW | B7: 23995 | C7: kgs | D7: TOTAL GH COST:
A8: aircraft capacity | B8: 12 | C8: seats | D8: =E94 -> 1102.332
A9: Flight type | B9: commercial
A10: Aircraft type | B10: narrow | C10: body
A11: SCHEDULE
B12: from | C12: to | D12: ARR time | E12: ARR date
A13: INBOUND (ARR) | B13: LFMN | C13: LIMJ | D13: 0.29166667 | E13: 44835
B14: DEP time | C14: DEP date | D14: From | E14: To
A15: OUTBOUND (DEP) | B15: 0.375 | C15: 44835 | D15: LIMJ | E15: EVRA
A16: PAX INFO
B17: ADL (12+) | C17: CHD (2-11,99) | D17: INF (0-1,99)
A18: inbound passengers (ARR) | B18: 0 | C18: 0 | D18: 0
A19: outbound passengers (DEP) | B19: 0 | C19: 0 | D19: 0
A20: Charge | B20: Unit Price | C20: Unit of measure | D20: Quantity | E20: Amount
A21: BASIC CHARGES
A22: Landing charge 1st 25 tones | B22: =IF($B$9="private",IF(AND(MONTH($C$15)>=6,MONTH($C$15)<=9,MONTH($E$13)>=6,MONTH($E$13)<=9,$B$9="private"),8.72,IF(AND(MONTH($C$15)<6,MONTH($E$13)<6,$B$9="private"),6.96,IF(AND(MONTH($C$15)>9,MONTH($E$13)>9,$B$9="private"),6.96,7.84))),IF(AND(MONTH($C$15)>=6,MONTH($C$15)<=9,MONTH($E$13)>=6,MONTH($E$13)<=9,$B$9="commercial"),4.36,IF(AND(MONTH($C$15)<6,MONTH($E$13)<6,$B$9="commercial"),3.48,IF(AND(MONTH($C$15)>9,MONTH($E$13)>9,$B$9="commercial"),3.48,3.92)))) -> 3.48 | C22: per tone of MTOW | D22: =IF(ROUNDUP(B7/1000,0)>=25,25,ROUNDUP(B7/1000,0)) -> 24 | E22: =B22*D22 -> 83.52
A23: Landing charge over 25 tones | B23: =IF(D24<=25,0,IF(B22=4.36,5.88,IF(B22=8.72,11.76,IF(B22=3.48,4.7,IF(B22=6.96,9.4,IF(B22=3.92,5.29,10.58)))))) -> 0 | C23: per tone of MTOW | D23: =IF(ROUNDUP(B7/1000,0)<=25,0,ROUNDUP(B7/1000,0)-25) -> 0 | E23: =B23*D23 -> 0
A24: Landing charge | B24: =E24/D24 -> 3.48 | C24: per tone of MTOW | D24: =ROUNDUP(B$7/1000, 0) -> 24 | E24: =E22+E23 -> 83.52
A25: Parking charge (1st 2 hours for free) | B25: =0.11*ROUNDUP(B7/1000,0) -> 2.64 | C25: per hour | D25: =IF(((C15-E13)*24+(B15-D13)*24)<=2,0,ROUNDUP(((C15-E13)*24+(B15-D13)*24),0)-2) -> 0 | E25: =B25*D25 -> 0
A26: Supervision fee | B26: 250 | C26: per turnaround | D26: 1 | E26: =B26*D26 -> 250
A27: Communication charge | B27: 25 | C27: per turnaround | D27: 1 | E27: =B27*D27 -> 25
A28: PASSENGER CHARGES AND SERVICES
A29: Security charge PAX | B29: 2.67 | C29: per dep pax | D29: =B19+C19 -> 0 | E29: =B29*D29 -> 0
A30: Security charge Baggage | B30: 2.19 | C30: per dep pax | D30: =B19+C19 -> 0 | E30: =B30*D30 -> 0
A31: PRM Charge | B31: 1.77 | C31: per dep pax | D31: =B19+C19 -> 0 | E31: =B31*D31 -> 0
A32: PAX charge ADL | B32: 13.92 | C32: per dep pax | D32: =B$19 -> 0 | E32: =B32*D32 -> 0
A33: PAX charge CHD | B33: 6.96 | C33: per dep pax | D33: =C$19 -> 0 | E33: =B33*D33 -> 0
A34: Council city tax | B34: 6.5 | C34: per dep pax | D34: =B$19+C$19 -> 0 | E34: =B34*D34 -> 0
A35: Lounge service charge | B35: 100 | C35: per pax | D35: =B19+C19 -> 0 | E35: =B35*D35 -> 0
A36: Tax free assistance | B36: 50 | C36: per pax | E36: =B36*D36 -> 0
A37: HANDLING CHARGES:
A38: Basic Handling inbound (ARR) | B38: =IF(D24<=5,15.05,IF(B8<=12,20.75,IF(VLOOKUP(B13,Airports!$A$2:$G$4091,7,FALSE)="IT",21.15,26.5))) -> 20.75 | C38: per movement | D38: =D40 -> 24 | E38: =B38*D38/2 -> 249
A39: Basic Handling outbound (DEP) | B39: =IF(D24<=5,15.05,IF(B8<=12,20.75,IF(VLOOKUP(E15,Airports!$A$2:$G$4091,7,FALSE)="IT",21.15,26.5))) -> 20.75 | C39: per movement | D39: =D40 -> 24 | E39: =B39*D39/2 -> 249
A40: Basic Ground Handling (marshalling, chocking, crew airside transfer, pax airside transfer, baggage loading/unloading) | B40: =(B38+B39)/2 -> 20.75 | C40: per turnaround | D40: =ROUNDUP(B$7/1000, 0) -> 24 | E40: =E38+E39 -> 498
A41: Marshalling (for AC MTOW less than 5 TN) | B41: 17.5 | C41: per turnaround | D41: =IF(D24<=5,1,0) -> 0 | E41: =B41*D41 -> 0
A42: Apron transportation (for AC MTOW less than 5 TN) | B42: 12.05 | C42: per turnaround | D42: =IF(D24<=5,2,0) -> 0 | E42: =B42*D42 -> 0
A43: LIMJ (airport) combo service | B43: 120 | C43: per turnaround | D43: 1 | E43: 120
A44: Night surcharge inbound (ARR) | C44: 30% of BGH | D44: =IF(OR(D13>Hours!B2,D13<Hours!B3),1,0) -> 0 | E44: =D44*'Handling calculator'!E38*30% -> 0
A45: Night sucharge outbound (DEP) | C45: 30% BGH | D45: =IF(OR(B15>Hours!B2,B15<Hours!B3),1,0) -> 0 | E45: =D45*'Handling calculator'!E39*30% -> 0
A46: Night surcharge | B46: 0.3 | C46: of BGH | D46: =IF(OR(D13>Hours!B2,D13<Hours!B3),1,0) -> 0 | E46: =E44+E45 -> 0
A47: Baggagee service (landside) | B47: 190 | C47: per departure | D47: =IF(SUM(B18:D18)>0,1,0)+IF(SUM(B19:D19)>0,1,0) -> 0 | E47: =B47*D47 -> 0
A48: Towing/Push back | B48: =IF(B10="narrow",48.6,87.13) -> 48.6 | C48: per service | D48: 1 | E48: =B48*D48 -> 48.6
A49: Toilet Service | B49: 54.58 | C49: per service | E49: =B49*D49 -> 0
A50: Water Service | B50: 54.58 | C50: per service | E50: =B50*D50 -> 0
A51: GPU 115V with operator | B51: 182.57 | C51: per hour | E51: =B51*D51 -> 0
A52: G.P.U. 28V with operator | B52: 91.36 | C52: per hour | E52: =B52*D52 -> 0
A53: A.S.U. with operator | B53: 182.57 | C53: per service | E53: =B53*D53 -> 0
A54: A.C.U. (per hour) 182,57 | B54: 182.57 | C54: per hour | E54: =B54*D54 -> 0
A55: Conveyor Belt with operator | B55: 50.97 | C55: per hour | E55: =B55*D55 -> 0
A56: Forklift up to 3 tons with operator | B56: 63.79 | C56: per hour | E56: =B56*D56 -> 0
A57: De-icing fluid (handling included) | B57: 4 | C57: per litre | E57: =B57*D57 -> 0
A58: Interior cleaning | B58: =IF(B8<=12,45,80) -> 45 | C58: per service | E58: =B58*D58 -> 0
A59: Aircraft Sanitization | B59: 120 | C59: per service | E59: =B59*D59 -> 0
A60: Aircraft Disinsection | B60: 120 | C60: per service | E60: =B60*D60 -> 0
A61: Hangar parking (hangar 30 m. x 30 m.) | B61: 1500 | C61: per day | E61: =B61*D61 -> 0
A62: MAINTANANCE SERVICES (by PIAGGIO AEROSPACE)
A63: Oxygen* | B63: 250 | C63: per service | E63: =B63*D63 -> 0
A64: Nitrogen* | B64: 250 | C64: per service | E64: =B64*D64 -> 0
A65: MXX Weekend (SAT, SUN)/out of hours (00:00-06:00LT) surcharge | B65: 250 | C65: per service | E65: =B65*D65 -> 0
A66: *Services provision is a subject of the Operator's CAMO approval
A67: CATERING HANDLING CHARGES
A68: Catering delivery (restaurant Zeffirino - airport) | B68: 100 | C68: per delivery | E68: =B68*D68 -> 0
A69: Catering handling (airport - aircraft) | B69: 100 | C69: per service | E69: =B69*D69 -> 0
A70: Ice | B70: 15 | C70: per pack, 2 kg | E70: =B70*D70 -> 0
A71: Hot water | B71: 6.5 | C71: per litre | E71: =B71*D71 -> 0
A72: Meals warming | B72: 10 | C72: per portion | E72: =B72*D72 -> 0
A73: Dish washing | B73: 200 | C73: per 1 WM cycle | E73: =B73*D73 -> 0
A74: Food Waste (EU incoming flights) | B74: 25 | C74: per service | E74: =B74*D74 -> 0
A75: Food Waste (Extra-EU incoming flights) | B75: =IF(B8<=12,45,IF(B10="narrow",100,170)) -> 45 | C75: per service | E75: =B75*D75 -> 0
A76: TRAVEL SERVICES
A77: Hotel arrangements | B77: 20 | C77: per room | D77: =SUM(D78:D83) -> 0 | E77: =B77*D77 -> 0
A78: Tower Genova Hotel **** STD SNL room | B78: 95 | C78: per room per night | E78: =B78*D78 -> 0
A79: Tower Genova Hotel Supperrior ***** SNL room | B79: 105 | C79: per room per night | E79: =B79*D79 -> 0
A80: Best Western Premier Hotel **** STD SNL room | B80: 106 | C80: per room per night | E80: =B80*D80 -> 0
A81: Marina Place Hotel **** STD SNL room | B81: 105 | C81: per room per night | E81: =B81*D81 -> 0
A82: NH Hotel Genova Centro **** STD SNL | B82: =IF(AND(MONTH($E$13)>=4,MONTH($E$13)<=9),125,105) -> 105 | C82: per room per night | E82: =B82*D82 -> 0
A83: NH Hotel Genova Marina **** STD SNL | B83: =IF(AND(MONTH($E$13)>=4,MONTH($E$13)<=9),145,125) -> 125 | C83: per room per night | E83: =B83*D83 -> 0
A84: Land transfer E-class up to 3 pax (AP - Genova or Genova - AP) | B84: 70 | C84: per event | E84: =B84*D84 -> 0
A85: Land transfer S-class up to 3 pax (AP - Genova or Genova - AP) | B85: 110 | C85: per event | E85: =B85*D85 -> 0
A86: Land transfer V-class up to 7 pax (AP - Genova or Genova - AP) | B86: 85 | C86: per event | E86: =B86*D86 -> 0
A87: Land transfer Sprinter up to 8 pax (AP - Genova or Genova - AP) | B87: 90 | C87: per event | E87: =B87*D87 -> 0
A88: PCR test arrangements | B88: 30 | C88: per test | E88: =B88*D88 -> 0
A89: Crew brief printing | B89: 15 | C89: per breif | E89: =B89*D89 -> 0
A90: Airline equipment storage | B90: 10 | C90: per bag | E90: =B90*D90 -> 0
A91: TOTAL
A92: Disbursement | B92: 0.1 | C92: per 3rd parties serv. | D92: =E24+E25+E29+E30+E31+E32+E33+E34+E40+E41+E42+E43+E46+E47+E48+E49+E50+E51+E52+E53+E54+E55+E56+E57+E58+E59+E60+E61+E63+E64+E65+E68+E69+E73+E74+E75+E78+E79+E80+E81+E82+E83+E84+E85+E86+E87+E93 -> 752.12 | E92: =B92*D92 -> 75.212
A93: Bollo (Italian non-tax stamp for VAT free invoices) | B93: 2 | C93: per invoice | D93: 1 | E93: =B93*D93 -> 2
A94: TOTAL | E94: =SUM(E24:E27,E29:E36,E40:E61,E63:E65,E68:E75,E77:E90,E92:E93) -> 1102.332

Sheet Hours
B2: 0.79166667
B3: 0.20833333

Sheet Types
B2: commercial
B3: private
B8: narrow
B9: wide

Sheet Airports
A1: ident | B1: type | C1: name | D1: latitude_deg | E1: longitude_deg | F1: elevation_ft | G1: iso_country | H1: iata_code | I1: longest RW | J1: longest RW width | K1: RW pavement | L1: ident | M1: continent | N1: iso_region | O1: municipality | P1: Time zone | Q1: UTC time offset
A2: ZUBD | B2: medium_airport | C2: Qamdo Bangda Airport | D2: 30.5536 | E2: 97.108299 | F2: 14219 | G2: CN | H2: BPX | I2: =VLOOKUP(A2,[1]ВПП!$C$2:$E$22885,3,) -> 5500 | J2: =VLOOKUP(A2,[1]ВПП!$C$2:$G$22885,5,) -> 45 | K2: =VLOOKUP(A2,[1]ВПП!$C$2:$H$22885,6,) -> concrete | L2: =A2 -> ZUBD | M2: AS | N2: CN-54 | O2: Bangda | P2: Asia/Shanghai | Q2: =VLOOKUP(P2,[1]TimeZones!$B$3:$E$597,4,FALSE) -> +08:00
A3: CN-0046 | B3: medium_airport | C3: Shigatse Air Base | D3: 29.3519 | E3: 89.311401 | F3: 3782 | G3: CN | H3: RKZ | I3: =VLOOKUP(A3,[1]ВПП!$C$2:$E$22885,3,) -> 5000 | J3: =VLOOKUP(A3,[1]ВПП!$C$2:$G$22885,5,) -> 60 | K3: =VLOOKUP(A3,[1]ВПП!$C$2:$H$22885,6,) -> CON | L3: =A3 -> CN-0046 | M3: AS | N3: CN-54 | O3: XigazГЄ | P3: #N/A | Q3: =VLOOKUP(P3,[1]TimeZones!$B$3:$E$597,4,FALSE) -> #N/A
A4: UWLW | B4: medium_airport | C4: Ulyanovsk East Airport | D4: 54.401001 | E4: 48.8027 | F4: 252 | G4: RU | H4: ULY | I4: =VLOOKUP(A4,[1]ВПП!$C$2:$E$22885,3,) -> 5000 | J4: =VLOOKUP(A4,[1]ВПП!$C$2:$G$22885,5,) -> 98 | K4: =VLOOKUP(A4,[1]ВПП!$C$2:$H$22885,6,) -> CON | L4: =A4 -> UWLW | M4: EU | N4: RU-ULY | O4: Cherdakly | P4: Europe/Samara | Q4: =VLOOKUP(P4,[1]TimeZones!$B$3:$E$597,4,FALSE) -> +04:00
A5: FAUP | B5: medium_airport | C5: Pierre Van Ryneveld Airport | D5: -28.399099 | E5: 21.260201 | F5: 2782 | G5: ZA | H5: UTN | I5: =VLOOKUP(A5,[1]ВПП!$C$2:$E$22885,3,) -> 4900 | J5: =VLOOKUP(A5,[1]ВПП!$C$2:$G$22885,5,) -> 60 | K5: =VLOOKUP(A5,[1]ВПП!$C$2:$H$22885,6,) -> ASP | L5: =A5 -> FAUP | M5: AF | N5: ZA-NC | O5: Upington | P5: Africa/Johannesburg | Q5: =VLOOKUP(P5,[1]TimeZones!$B$3:$E$597,4,FALSE) -> +02:00
A6: OTHH | B6: large_airport | C6: Hamad International Airport | D6: 25.273056 | E6: 51.608056 | F6: 13 | G6: QA | H6: DOH | I6: =VLOOKUP(A6,[1]ВПП!$C$2:$E$22885,3,) -> 4850 | J6: =VLOOKUP(A6,[1]ВПП!$C$2:$G$22885,5,) -> 60 | K6: =VLOOKUP(A6,[1]ВПП!$C$2:$H$22885,6,) -> Asphalt | L6: =A6 -> OTHH | M6: AS | N6: QA-DA | O6: Doha | P6: \N | Q6: =VLOOKUP(P6,[1]TimeZones!$B$3:$E$597,4,FALSE) -> #N/A
A7: ZLGM | B7: medium_airport | C7: Golmud Airport | D7: 36.4006 | E7: 94.786102 | F7: 9334 | G7: CN | H7: GOQ | I7: =VLOOKUP(A7,[1]ВПП!$C$2:$E$22885,3,) -> 4800 | J7: =VLOOKUP(A7,[1]ВПП!$C$2:$G$22885,5,) -> 49 | K7: =VLOOKUP(A7,[1]ВПП!$C$2:$H$22885,6,) -> CON | L7: =A7 -> ZLGM | M7: AS | N7: CN-63 | O7: Golmud | P7: Asia/Shanghai | Q7: =VLOOKUP(P7,[1]TimeZones!$B$3:$E$597,4,FALSE) -> +08:00
A8: FVHA | B8: large_airport | C8: Robert Gabriel Mugabe International Airport | D8: -17.931801 | E8: 31.0928 | F8: 4887 | G8: ZW | H8: HRE | I8: =VLOOKUP(A8,[1]ВПП!$C$2:$E$22885,3,) -> 4725 | J8: =VLOOKUP(A8,[1]ВПП!$C$2:$G$22885,5,) -> 46 | K8: =VLOOKUP(A8,[1]ВПП!$C$2:$H$22885,6,) -> ASP | L8: =A8 -> FVHA | M8: AF | N8: ZW-HA | O8: Harare | P8: Africa/Harare | Q8: =VLOOKUP(P8,[1]TimeZones!$B$3:$E$597,4,FALSE) -> +02:00
A9: FZAA | B9: large_airport | C9: Ndjili International Airport | D9: -4.38575 | E9: 15.4446 | F9: 1027 | G9: CD | H9: FIH | I9: =VLOOKUP(A9,[1]ВПП!$C$2:$E$22885,3,) -> 4700 | J9: =VLOOKUP(A9,[1]ВПП!$C$2:$G$22885,5,) -> 60 | K9: =VLOOKUP(A9,[1]ВПП!$C$2:$H$22885,6,) -> CON | L9: =A9 -> FZAA | M9: AF | N9: CD-KN | O9: Kinshasa | P9: Africa/Kinshasa | Q9: =VLOOKUP(P9,[1]TimeZones!$B$3:$E$597,4,FALSE) -> +01:00
A10: FAMM | B10: medium_airport | C10: Mmabatho International Airport | D10: -25.798401 | E10: 25.548 | F10: 4181 | G10: ZA | H10: MBD | I10: =VLOOKUP(A10,[1]ВПП!$C$2:$E$22885,3,) -> 4620 | J10: =VLOOKUP(A10,[1]ВПП!$C$2:$G$22885,5,) -> 45 | K10: =VLOOKUP(A10,[1]ВПП!$C$2:$H$22885,6,) -> ASP | L10: =A10 -> FAMM | M10: AF | N10: ZA-NW | O10: Mafeking | P10: Africa/Johannesburg | Q10: =VLOOKUP(P10,[1]TimeZones!$B$3:$E$597,4,FALSE) -> +02:00
A11: FVWN | B11: medium_airport | C11: Hwange National Park Airport | D11: -18.6299 | E11: 27.021 | F11: 3543 | G11: ZW | H11: HWN | I11: =VLOOKUP(A11,[1]ВПП!$C$2:$E$22885,3,) -> 4600 | J11: =VLOOKUP(A11,[1]ВПП!$C$2:$G$22885,5,) -> 30 | K11: =VLOOKUP(A11,[1]ВПП!$C$2:$H$22885,6,) -> ASP | L11: =A11 -> FVWN | M11: AF | N11: ZW-MN | O11: Hwange | P11: Africa/Harare | Q11: =VLOOKUP(P11,[1]TimeZones!$B$3:$E$597,4,FALSE) -> +02:00
A12: UUBW | B12: large_airport | C12: Zhukovsky International Airport | D12: 55.553299 | E12: 38.150002 | F12: 377 | G12: RU | H12: ZIA | I12: =VLOOKUP(A12,[1]ВПП!$C$2:$E$22885,3,) -> 4600 | J12: =VLOOKUP(A12,[1]ВПП!$C$2:$G$22885,5,) -> 70 | K12: =VLOOKUP(A12,[1]ВПП!$C$2:$H$22885,6,) -> CON | L12: =A12 -> UUBW | M12: EU | N12: RU-MOS | O12: Moscow | P12: Europe/Moscow | Q12: =VLOOKUP(P12,[1]TimeZones!$B$3:$E$597,4,FALSE) -> +03:00
A13: FYWH | B13: large_airport | C13: Hosea Kutako International Airport | D13: -22.4799 | E13: 17.4709 | F13: 5640 | G13: NA | H13: WDH | I13: =VLOOKUP(A13,[1]ВПП!$C$2:$E$22885,3,) -> 4575 | J13: =VLOOKUP(A13,[1]ВПП!$C$2:$G$22885,5,) -> 45 | K13: =VLOOKUP(A13,[1]ВПП!$C$2:$H$22885,6,) -> ASP | L13: =A13 -> FYWH | M13: AF | N13: NA-KH | O13: Windhoek | P13: Africa/Windhoek | Q13: =VLOOKUP(P13,[1]TimeZones!$B$3:$E$597,4,FALSE) -> +02:00
A14: OTBD | B14: medium_airport | C14: Doha International Airport | D14: 25.261101 | E14: 51.565102 | F14: 35 | G14: QA | H14: DIA | I14: =VLOOKUP(A14,[1]ВПП!$C$2:$E$22885,3,) -> 4572 | J14: =VLOOKUP(A14,[1]ВПП!$C$2:$G$22885,5,) -> 46 | K14: =VLOOKUP(A14,[1]ВПП!$C$2:$H$22885,6,) -> ASP | L14: =A14 -> OTBD | M14: AS | N14: QA-DA | O14: Doha | P14: Asia/Qatar | Q14: =VLOOKUP(P14,[1]TimeZones!$B$3:$E$597,4,FALSE) -> +03:00
A15: OMDW | B15: large_airport | C15: Al Maktoum International Airport | D15: 24.896356 | E15: 55.161389 | F15: 114 | G15: AE | H15: DWC | I15: =VLOOKUP(A15,[1]ВПП!$C$2:$E$22885,3,) -> 4500 | J15: =VLOOKUP(A15,[1]ВПП!$C$2:$G$22885,5,) -> 60 | K15: =VLOOKUP(A15,[1]ВПП!$C$2:$H$22885,6,) -> Asphalt | L15: =A15 -> OMDW | M15: AS | N15: AE-DU | O15: Jebel Ali | P15: Asia/Dubai | Q15: =VLOOKUP(P15,[1]TimeZones!$B$3:$E$597,4,FALSE) -> +04:00
A16: UAON | B16: medium_airport | C16: Yubileyniy Airfield | D16: 46.055 | E16: 63.25 | F16: 328 | G16: KZ | I16: =VLOOKUP(A16,[1]ВПП!$C$2:$E$22885,3,) -> 4500 | J16: =VLOOKUP(A16,[1]ВПП!$C$2:$G$22885,5,) -> 84 | K16: =VLOOKUP(A16,[1]ВПП!$C$2:$H$22885,6,) -> asphalt | L16: =A16 -> UAON | M16: AS | N16: KZ-BAY | O16: Baikonur | P16: \N | Q16: =VLOOKUP(P16,[1]TimeZones!$B$3:$E$597,4,FALSE) -> #N/A
A17: ZPPP | B17: large_airport | C17: Kunming Changshui International Airport | D17: 25.101944 | E17: 102.92917 | F17: 6903 | G17: CN | H17: KMG | I17: =VLOOKUP(A17,[1]ВПП!$C$2:$E$22885,3,) -> 4500 | J17: =VLOOKUP(A17,[1]ВПП!$C$2:$G$22885,5,) -> 60 | K17: =VLOOKUP(A17,[1]ВПП!$C$2:$H$22885,6,) -> ASP | L17: =A17 -> ZPPP | M17: AS | N17: CN-53 | O17: Kunming | P17: Asia/Shanghai | Q17: =VLOOKUP(P17,[1]TimeZones!$B$3:$E$597,4,FALSE) -> +08:00
A18: OIBB | B18: medium_airport | C18: Bushehr Airport | D18: 28.944799 | E18: 50.834599 | F18: 68 | G18: IR | H18: BUZ | I18: =VLOOKUP(A18,[1]ВПП!$C$2:$E$22885,3,) -> 4470 | J18: =VLOOKUP(A18,[1]ВПП!$C$2:$G$22885,5,) -> 45 | K18: =VLOOKUP(A18,[1]ВПП!$C$2:$H$22885,6,) -> ASP | L18: =A18 -> OIBB | M18: AS | N18: IR-06 | O18: Bushehr | P18: Asia/Tehran | Q18: =VLOOKUP(P18,[1]TimeZones!$B$3:$E$597,4,FALSE) -> +03:30
A19: OIHS | B19: medium_airport | C19: Hamadan Air Base | D19: 35.211601 | E19: 48.6534 | F19: 5609 | G19: IR | I19: =VLOOKUP(A19,[1]ВПП!$C$2:$E$22885,3,) -> 4458 | J19: =VLOOKUP(A19,[1]ВПП!$C$2:$G$22885,5,) -> 45 | K19: =VLOOKUP(A19,[1]ВПП!$C$2:$H$22885,6,) -> ASP | L19: =A19 -> OIHS | M19: AS | N19: IR-24 | O19: Hamadan | P19: \N | Q19: =VLOOKUP(P19,[1]TimeZones!$B$3:$E$597,4,FALSE) -> #N/A
A20: OMDB | B20: large_airport | C20: Dubai International Airport | D20: 25.2528 | E20: 55.364399 | F20: 62 | G20: AE | H20: DXB | I20: =VLOOKUP(A20,[1]ВПП!$C$2:$E$22885,3,) -> 4447 | J20: =VLOOKUP(A20,[1]ВПП!$C$2:$G$22885,5,) -> 60 | K20: =VLOOKUP(A20,[1]ВПП!$C$2:$H$22885,6,) -> ASP | L20: =A20 -> OMDB | M20: AS | N20: AE-DU | O20: Dubai | P20: Asia/Dubai | Q20: =VLOOKUP(P20,[1]TimeZones!$B$3:$E$597,4,FALSE) -> +04:00
A21: VIDP | B21: large_airport | C21: Indira Gandhi International Airport | D21: 28.5665 | E21: 77.103104 | F21: 777 | G21: IN | H21: DEL | I21: =VLOOKUP(A21,[1]ВПП!$C$2:$E$22885,3,) -> 4430 | J21: =VLOOKUP(A21,[1]ВПП!$C$2:$G$22885,5,) -> 60 | K21: =VLOOKUP(A21,[1]ВПП!$C$2:$H$22885,6,) -> paved | L21: =A21 -> VIDP | M21: AS | N21: IN-DL | O21: New Delhi | P21: Asia/Calcutta | Q21: =VLOOKUP(P21,[1]TimeZones!$B$3:$E$597,4,FALSE) -> +05:30
A22: FAOR | B22: large_airport | C22: OR Tambo International Airport | D22: -26.1392 | E22: 28.246 | F22: 5558 | G22: ZA | H22: JNB | I22: =VLOOKUP(A22,[1]ВПП!$C$2:$E$22885,3,) -> 4418 | J22: =VLOOKUP(A22,[1]ВПП!$C$2:$G$22885,5,) -> 61 | K22: =VLOOKUP(A22,[1]ВПП!$C$2:$H$22885,6,) -> ASP | L22: =A22 -> FAOR | M22: AF | N22: ZA-GT | O22: Johannesburg | P22: Africa/Johannesburg | Q22: =VLOOKUP(P22,[1]TimeZones!$B$3:$E$597,4,FALSE) -> +02:00
A23: OIFM | B23: medium_airport | C23: Esfahan Shahid Beheshti International Airport | D23: 32.750801 | E23: 51.861301 | F23: 5059 | G23: IR | H23: IFN | I23: =VLOOKUP(A23,[1]ВПП!$C$2:$E$22885,3,) -> 4397 | J23: =VLOOKUP(A23,[1]ВПП!$C$2:$G$22885,5,) -> 45 | K23: =VLOOKUP(A23,[1]ВПП!$C$2:$H$22885,6,) -> ASP | L23: =A23 -> OIFM | M23: AS | N23: IR-04 | O23: Isfahan | P23: Asia/Tehran | Q23: =VLOOKUP(P23,[1]TimeZones!$B$3:$E$597,4,FALSE) -> +03:30
A24: UAAA | B24: large_airport | C24: Almaty Airport | D24: 43.3521 | E24: 77.040497 | F24: 2234 | G24: KZ | H24: ALA | I24: =VLOOKUP(A24,[1]ВПП!$C$2:$E$22885,3,) -> 4397 | J24: =VLOOKUP(A24,[1]ВПП!$C$2:$G$22885,5,) -> 45 | K24: =VLOOKUP(A24,[1]ВПП!$C$2:$H$22885,6,) -> ASP | L24: =A24 -> UAAA | M24: AS | N24: KZ-ALM | O24: Almaty | P24: Asia/Qyzylorda | Q24: =VLOOKUP(P24,[1]TimeZones!$B$3:$E$597,4,FALSE) -> +05:00
A25: OISS | B25: large_airport | C25: Shiraz Shahid Dastghaib International Airport | D25: 29.5392 | E25: 52.589802 | F25: 4927 | G25: IR | H25: SYZ | I25: =VLOOKUP(A25,[1]ВПП!$C$2:$E$22885,3,) -> 4372 | J25: =VLOOKUP(A25,[1]ВПП!$C$2:$G$22885,5,) -> 45 | K25: =VLOOKUP(A25,[1]ВПП!$C$2:$H$22885,6,) -> ASP | L25: =A25 -> OISS | M25: AS | N25: IR-14 | O25: Shiraz | P25: Asia/Tehran | Q25: =VLOOKUP(P25,[1]TimeZones!$B$3:$E$597,4,FALSE) -> +03:30
A26: VYMD | B26: large_airport | C26: Mandalay International Airport | D26: 21.7022 | E26: 95.977898 | F26: 300 | G26: MM | H26: MDL | I26: =VLOOKUP(A26,[1]ВПП!$C$2:$E$22885,3,) -> 4268 | J26: =VLOOKUP(A26,[1]ВПП!$C$2:$G$22885,5,) -> 61 | K26: =VLOOKUP(A26,[1]ВПП!$C$2:$H$22885,6,) -> CON | L26: =A26 -> VYMD | M26: AS | N26: MM-04 | O26: Mandalay | P26: Asia/Rangoon | Q26: =VLOOKUP(P26,[1]TimeZones!$B$3:$E$597,4,FALSE) -> +06:30
A27: CYYC | B27: large_airport | C27: Calgary International Airport | D27: 51.113899 | E27: -114.02 | F27: 3557 | G27: CA | H27: YYC | I27: =VLOOKUP(A27,[1]ВПП!$C$2:$E$22885,3,) -> 4267 | J27: =VLOOKUP(A27,[1]ВПП!$C$2:$G$22885,5,) -> 61 | K27: =VLOOKUP(A27,[1]ВПП!$C$2:$H$22885,6,) -> Concrete | L27: =A27 -> CYYC | M27: NA | N27: CA-AB | O27: Calgary | P27: America/Edmonton | Q27: =VLOOKUP(P27,[1]TimeZones!$B$3:$E$597,4,FALSE) -> −07:00
A28: OIZH | B28: medium_airport | C28: Zahedan International Airport | D28: 29.4757 | E28: 60.9062 | F28: 4564 | G28: IR | H28: ZAH | I28: =VLOOKUP(A28,[1]ВПП!$C$2:$E$22885,3,) -> 4265 | J28: =VLOOKUP(A28,[1]ВПП!$C$2:$G$22885,5,) -> 45 | K28: =VLOOKUP(A28,[1]ВПП!$C$2:$H$22885,6,) -> ASP | L28: =A28 -> OIZH | M28: AS | N28: IR-13 | O28: Zahedan | P28: Asia/Tehran | Q28: =VLOOKUP(P28,[1]TimeZones!$B$3:$E$597,4,FALSE) -> +03:30
A29: VOHS | B29: large_airport | C29: Rajiv Gandhi International Airport | D29: 17.231318 | E29: 78.429855 | F29: 2024 | G29: IN | H29: HYD | I29: =VLOOKUP(A29,[1]ВПП!$C$2:$E$22885,3,) -> 4260 | J29: =VLOOKUP(A29,[1]ВПП!$C$2:$G$22885,5,) -> 60 | K29: =VLOOKUP(A29,[1]ВПП!$C$2:$H$22885,6,) -> ASP | L29: =A29 -> VOHS | M29: AS | N29: IN-TG | O29: Hyderabad | P29: \N | Q29: =VLOOKUP(P29,[1]TimeZones!$B$3:$E$597,4,FALSE) -> #N/A
A30: OIIE | B30: large_airport | C30: Imam Khomeini International Airport | D30: 35.4161 | E30: 51.152199 | F30: 3305 | G30: IR | H30: IKA | I30: =VLOOKUP(A30,[1]ВПП!$C$2:$E$22885,3,) -> 4249 | J30: =VLOOKUP(A30,[1]ВПП!$C$2:$G$22885,5,) -> 45 | K30: =VLOOKUP(A30,[1]ВПП!$C$2:$H$22885,6,) -> ASP | L30: =A30 -> OIIE | M30: AS | N30: IR-07 | O30: Tehran | P30: Asia/Tehran | Q30: =VLOOKUP(P30,[1]TimeZones!$B$3:$E$597,4,FALSE) -> +03:30
A31: ORER | B31: medium_airport | C31: Erbil International Airport | D31: 36.237598 | E31: 43.9632 | F31: 1341 | G31: IQ | H31: EBL | I31: =VLOOKUP(A31,[1]ВПП!$C$2:$E$22885,3,) -> 4234 | J31: =VLOOKUP(A31,[1]ВПП!$C$2:$G$22885,5,) -> 69 | K31: =VLOOKUP(A31,[1]ВПП!$C$2:$H$22885,6,) -> U | L31: =A31 -> ORER | M31: AS | N31: IQ-AR | O31: Arbil | P31: Asia/Baghdad | Q31: =VLOOKUP(P31,[1]TimeZones!$B$3:$E$597,4,FALSE) -> +03:00
A32: OIKQ | B32: medium_airport | C32: Dayrestan Airport | D32: 26.754601 | E32: 55.902401 | F32: 45 | G32: IR | I32: =VLOOKUP(A32,[1]ВПП!$C$2:$E$22885,3,) -> 4226 | J32: =VLOOKUP(A32,[1]ВПП!$C$2:$G$22885,5,) -> 45 | K32: =VLOOKUP(A32,[1]ВПП!$C$2:$H$22885,6,) -> ASP | L32: =A32 -> OIKQ | M32: AS | N32: IR-23 | P32: Asia/Tehran | Q32: =VLOOKUP(P32,[1]TimeZones!$B$3:$E$597,4,FALSE) -> +03:30
A33: LFPG | B33: large_airport | C33: Charles de Gaulle International Airport | D33: 49.012798 | E33: 2.55 | F33: 392 | G33: FR | H33: CDG | I33: =VLOOKUP(A33,[1]ВПП!$C$2:$E$22885,3,) -> 4215 | J33: =VLOOKUP(A33,[1]ВПП!$C$2:$G$22885,5,) -> 45 | K33: =VLOOKUP(A33,[1]ВПП!$C$2:$H$22885,6,) -> ASP | L33: =A33 -> LFPG | M33: EU | N33: FR-IDF | O33: Paris | P33: Europe/Paris | Q33: =VLOOKUP(P33,[1]TimeZones!$B$3:$E$597,4,FALSE) -> +01:00
A34: OERK | B34: large_airport | C34: King Khaled International Airport | D34: 24.9576 | E34: 46.698799 | F34: 2049 | G34: SA | H34: RUH | I34: =VLOOKUP(A34,[1]ВПП!$C$2:$E$22885,3,) -> 4205 | J34: =VLOOKUP(A34,[1]ВПП!$C$2:$G$22885,5,) -> 60 | K34: =VLOOKUP(A34,[1]ВПП!$C$2:$H$22885,6,) -> ASP | L34: =A34 -> OERK | M34: AS | N34: SA-01 | O34: Riyadh | P34: Asia/Riyadh | Q34: =VLOOKUP(P34,[1]TimeZones!$B$3:$E$597,4,FALSE) -> +03:00
A35: MMTO | B35: medium_airport | C35: Licenciado Adolfo Lopez Mateos International Airport | D35: 19.337099 | E35: -99.566002 | F35: 8466 | G35: MX | H35: TLC | I35: =VLOOKUP(A35,[1]ВПП!$C$2:$E$22885,3,) -> 4200 | J35: =VLOOKUP(A35,[1]ВПП!$C$2:$G$22885,5,) -> 45 | K35: =VLOOKUP(A35,[1]ВПП!$C$2:$H$22885,6,) -> ASP | L35: =A35 -> MMTO | M35: NA | N35: MX-MEX | O35: Toluca | P35: America/Mexico_City | Q35: =VLOOKUP(P35,[1]TimeZones!$B$3:$E$597,4,FALSE) -> −06:00
A36: SPJL | B36: medium_airport | C36: Inca Manco Capac International Airport | D36: -15.4671 | E36: -70.158203 | F36: 12552 | G36: PE | H36: JUL | I36: =VLOOKUP(A36,[1]ВПП!$C$2:$E$22885,3,) -> 4200 | J36: =VLOOKUP(A36,[1]ВПП!$C$2:$G$22885,5,) -> 46 | K36: =VLOOKUP(A36,[1]ВПП!$C$2:$H$22885,6,) -> ASP | L36: =A36 -> SPJL | M36: SA | N36: PE-PUN | O36: Juliaca | P36: America/Lima | Q36: =VLOOKUP(P36,[1]TimeZones!$B$3:$E$597,4,FALSE) -> −05:00
A37: UAFM | B37: large_airport | C37: Manas International Airport | D37: 43.061298 | E37: 74.4776 | F37: 2058 | G37: KG | H37: FRU | I37: =VLOOKUP(A37,[1]ВПП!$C$2:$E$22885,3,) -> 4200 | J37: =VLOOKUP(A37,[1]ВПП!$C$2:$G$22885,5,) -> 55 | K37: =VLOOKUP(A37,[1]ВПП!$C$2:$H$22885,6,) -> CON | L37: =A37 -> UAFM | M37: AS | N37: KG-C | O37: Bishkek | P37: Asia/Bishkek | Q37: =VLOOKUP(P37,[1]TimeZones!$B$3:$E$597,4,FALSE) -> +06:00
A38: ZUDC | B38: medium_airport | C38: Daocheng Yading Airport | D38: 29.323056 | E38: 100.05333 | F38: 14472 | G38: CN | H38: DCY | I38: =VLOOKUP(A38,[1]ВПП!$C$2:$E$22885,3,) -> 4200 | J38: =VLOOKUP(A38,[1]ВПП!$C$2:$G$22885,5,) -> 45 | K38: =VLOOKUP(A38,[1]ВПП!$C$2:$H$22885,6,) -> CON | L38: =A38 -> ZUDC | M38: AS | N38: CN-51 | O38: Daocheng County | P38: Asia/Shanghai | Q38: =VLOOKUP(P38,[1]TimeZones!$B$3:$E$597,4,FALSE) -> +08:00
A39: HL69 | B39: small_airport | C39: Al Jufra Airport | D39: 29.198099 | E39: 16.000999 | F39: 846 | G39: LY | I39: =VLOOKUP(A39,[1]ВПП!$C$2:$E$22885,3,) -> 4185 | J39: =VLOOKUP(A39,[1]ВПП!$C$2:$G$22885,5,) -> 60 | K39: =VLOOKUP(A39,[1]ВПП!$C$2:$H$22885,6,) -> CON | L39: =A39 -> HL69 | M39: AF | N39: LY-JU | P39: #N/A | Q39: =VLOOKUP(P39,[1]TimeZones!$B$3:$E$597,4,FALSE) -> #N/A
A40: LEMD | B40: large_airport | C40: Adolfo SuГЎrez MadridвЂ“Barajas Airport | D40: 40.471926 | E40: -3.56264 | F40: 1998 | G40: ES | H40: MAD | I40: =VLOOKUP(A40,[1]ВПП!$C$2:$E$22885,3,) -> 4179 | J40: =VLOOKUP(A40,[1]ВПП!$C$2:$G$22885,5,) -> 60 | K40: =VLOOKUP(A40,[1]ВПП!$C$2:$H$22885,6,) -> ASP | L40: =A40 -> LEMD | M40: EU | N40: ES-M | O40: Madrid | P40: Europe/Madrid | Q40: =VLOOKUP(P40,[1]TimeZones!$B$3:$E$597,4,FALSE) -> +01:00
A41: HCMI | B41: medium_airport | C41: Berbera Airport | D41: 10.385035 | E41: 44.936723 | F41: 30 | G41: SO | H41: BBO | I41: =VLOOKUP(A41,[1]ВПП!$C$2:$E$22885,3,) -> 4140 | J41: =VLOOKUP(A41,[1]ВПП!$C$2:$G$22885,5,) -> 50 | K41: =VLOOKUP(A41,[1]ВПП!$C$2:$H$22885,6,) -> ASP | L41: =A41 -> HCMI | M41: AF | N41: SO-WO | O41: Berbera | P41: Africa/Mogadishu | Q41: =VLOOKUP(P41,[1]TimeZones!$B$3:$E$597,4,FALSE) -> +03:00
A42: WMKK | B42: large_airport | C42: Kuala Lumpur International Airport | D42: 2.74558 | E42: 101.71 | F42: 69 | G42: MY | H42: KUL | I42: =VLOOKUP(A42,[1]ВПП!$C$2:$E$22885,3,) -> 4124 | J42: =VLOOKUP(A42,[1]ВПП!$C$2:$G$22885,5,) -> 60 | K42: =VLOOKUP(A42,[1]ВПП!$C$2:$H$22885,6,) -> ASP | L42: =A42 -> WMKK | M42: AS | N42: MY-14 | O42: Kuala Lumpur | P42: Asia/Kuala_Lumpur | Q42: =VLOOKUP(P42,[1]TimeZones!$B$3:$E$597,4,FALSE) -> +08:00
A43: HKJK | B43: large_airport | C43: Jomo Kenyatta International Airport | D43: -1.31924 | E43: 36.927799 | F43: 5330 | G43: KE | H43: NBO | I43: =VLOOKUP(A43,[1]ВПП!$C$2:$E$22885,3,) -> 4117 | J43: =VLOOKUP(A43,[1]ВПП!$C$2:$G$22885,5,) -> 45 | K43: =VLOOKUP(A43,[1]ВПП!$C$2:$H$22885,6,) -> ASP | L43: =A43 -> HKJK | M43: AF | N43: KE-110 | O43: Nairobi | P43: Africa/Nairobi | Q43: =VLOOKUP(P43,[1]TimeZones!$B$3:$E$597,4,FALSE) -> +03:00
A44: OIAJ | B44: small_airport | C44: Omidiyeh Airport | D44: 30.835199 | E44: 49.534901 | F44: 85 | G44: IR | H44: OMI | I44: =VLOOKUP(A44,[1]ВПП!$C$2:$E$22885,3,) -> 4115 | J44: =VLOOKUP(A44,[1]ВПП!$C$2:$G$22885,5,) -> 45 | K44: =VLOOKUP(A44,[1]ВПП!$C$2:$H$22885,6,) -> ASP | L44: =A44 -> OIAJ | M44: AS | N44: IR-10 | O44: Omidiyeh | P44: Asia/Tehran | Q44: =VLOOKUP(P44,[1]TimeZones!$B$3:$E$597,4,FALSE) -> +03:30
A45: VOAR | B45: small_airport | C45: INS Rajali / Arakkonam Naval Air Station | D45: 13.0712 | E45: 79.6912 | F45: 265 | G45: IN | I45: =VLOOKUP(A45,[1]ВПП!$C$2:$E$22885,3,) -> 4103 | J45: =VLOOKUP(A45,[1]ВПП!$C$2:$G$22885,5,) -> 47 | K45: =VLOOKUP(A45,[1]ВПП!$C$2:$H$22885,6,) -> PEM | L45: =A45 -> VOAR | M45: AS | N45: IN-TN | O45: Arakkonam | P45: #N/A | Q45: =VLOOKUP(P45,[1]TimeZones!$B$3:$E$597,4,FALSE) -> #N/A
A46: LTFM | B46: large_airport | C46: Д°stanbul Airport | D46: 41.261297 | E46: 28.741951 | F46: 325 | G46: TR | H46: IST | I46: =VLOOKUP(A46,[1]ВПП!$C$2:$E$22885,3,) -> 4100 | J46: =VLOOKUP(A46,[1]ВПП!$C$2:$G$22885,5,) -> 60 | K46: =VLOOKUP(A46,[1]ВПП!$C$2:$H$22885,6,) -> ASP | L46: =A46 -> LTFM | M46: AS | N46: TR-34 | O46: ArnavutkГ¶y, Istanbul | P46: \N | Q46: =VLOOKUP(P46,[1]TimeZones!$B$3:$E$597,4,FALSE) -> #N/A
A47: OMAA | B47: large_airport | C47: Abu Dhabi International Airport | D47: 24.443764 | E47: 54.651718 | F47: 88 | G47: AE | H47: AUH | I47: =VLOOKUP(A47,[1]ВПП!$C$2:$E$22885,3,) -> 4100 | J47: =VLOOKUP(A47,[1]ВПП!$C$2:$G$22885,5,) -> 60 | K47: =VLOOKUP(A47,[1]ВПП!$C$2:$H$22885,6,) -> ASP | L47: =A47 -> OMAA | M47: AS | N47: AE-AZ | O47: Abu Dhabi | P47: Asia/Dubai | Q47: =VLOOKUP(P47,[1]TimeZones!$B$3:$E$597,4,FALSE) -> +04:00
A48: OIYY | B48: medium_airport | C48: Shahid Sadooghi Airport | D48: 31.9049 | E48: 54.276501 | F48: 4054 | G48: IR | H48: AZD | I48: =VLOOKUP(A48,[1]ВПП!$C$2:$E$22885,3,) -> 4098 | J48: =VLOOKUP(A48,[1]ВПП!$C$2:$G$22885,5,) -> 45 | K48: =VLOOKUP(A48,[1]ВПП!$C$2:$H$22885,6,) -> ASP | L48: =A48 -> OIYY | M48: AS | N48: IR-25 | O48: Yazd | P48: Asia/Tehran | Q48: =VLOOKUP(P48,[1]TimeZones!$B$3:$E$597,4,FALSE) -> +03:30
A49: SEQM | B49: large_airport | C49: Mariscal Sucre International Airport | D49: -0.12916667 | E49: -78.3575 | F49: 7841 | G49: EC | H49: UIO | I49: =VLOOKUP(A49,[1]ВПП!$C$2:$E$22885,3,) -> 4098 | J49: =VLOOKUP(A49,[1]ВПП!$C$2:$G$22885,5,) -> 45 | K49: =VLOOKUP(A49,[1]ВПП!$C$2:$H$22885,6,) -> Paviment hard | L49: =A49 -> SEQM | M49: SA | N49: EC-P | O49: Quito | P49: America/Guayaquil | Q49: =VLOOKUP(P49,[1]TimeZones!$B$3:$E$597,4,FALSE) -> −05:00
A50: LLBG | B50: large_airport | C50: Ben Gurion International Airport | D50: 32.011398 | E50: 34.8867 | F50: 135 | G50: IL | H50: TLV | I50: =VLOOKUP(A50,[1]ВПП!$C$2:$E$22885,3,) -> 4062 | J50: =VLOOKUP(A50,[1]ВПП!$C$2:$G$22885,5,) -> 45 | K50: =VLOOKUP(A50,[1]ВПП!$C$2:$H$22885,6,) -> ASP | L50: =A50 -> LLBG | M50: AS | N50: IL-M | O50: Tel Aviv | P50: Asia/Jerusalem | Q50: =VLOOKUP(P50,[1]TimeZones!$B$3:$E$597,4,FALSE) -> +02:00
A51: OMSJ | B51: large_airport | C51: Sharjah International Airport | D51: 25.3286 | E51: 55.5172 | F51: 111 | G51: AE | H51: SHJ | I51: =VLOOKUP(A51,[1]ВПП!$C$2:$E$22885,3,) -> 4060 | J51: =VLOOKUP(A51,[1]ВПП!$C$2:$G$22885,5,) -> 45 | K51: =VLOOKUP(A51,[1]ВПП!$C$2:$H$22885,6,) -> ASP | L51: =A51 -> OMSJ | M51: AS | N51: AE-SH | O51: Sharjah | P51: Asia/Dubai | Q51: =VLOOKUP(P51,[1]TimeZones!$B$3:$E$597,4,FALSE) -> +04:00
A52: OERY | B52: medium_airport | C52: Riyadh Air Base | D52: 24.709801 | E52: 46.725201 | F52: 2082 | G52: SA | H52: XXN | I52: =VLOOKUP(A52,[1]ВПП!$C$2:$E$22885,3,) -> 4050 | J52: =VLOOKUP(A52,[1]ВПП!$C$2:$G$22885,5,) -> 45 | K52: =VLOOKUP(A52,[1]ВПП!$C$2:$H$22885,6,) -> ASP | L52: =A52 -> OERY | M52: AS | N52: SA-01 | O52: Riyadh | P52: \N | Q52: =VLOOKUP(P52,[1]TimeZones!$B$3:$E$597,4,FALSE) -> #N/A
A53: WIDD | B53: medium_airport | C53: Hang Nadim International Airport | D53: 1.12103 | E53: 104.119 | F53: 126 | G53: ID | H53: BTH | I53: =VLOOKUP(A53,[1]ВПП!$C$2:$E$22885,3,) -> 4045 | J53: =VLOOKUP(A53,[1]ВПП!$C$2:$G$22885,5,) -> 45 | K53: =VLOOKUP(A53,[1]ВПП!$C$2:$H$22885,6,) -> ASP | L53: =A53 -> WIDD | M53: AS | N53: ID-RI | O53: Batam Island | P53: Asia/Jakarta | Q53: =VLOOKUP(P53,[1]TimeZones!$B$3:$E$597,4,FALSE) -> +07:00
A54: OIII | B54: large_airport | C54: Mehrabad International Airport | D54: 35.689201 | E54: 51.3134 | F54: 3962 | G54: IR | H54: THR | I54: =VLOOKUP(A54,[1]ВПП!$C$2:$E$22885,3,) -> 4038 | J54: =VLOOKUP(A54,[1]ВПП!$C$2:$G$22885,5,) -> 60 | K54: =VLOOKUP(A54,[1]ВПП!$C$2:$H$22885,6,) -> ASP | L54: =A54 -> OIII | M54: AS | N54: IR-07 | O54: Tehran | P54: Asia/Tehran | Q54: =VLOOKUP(P54,[1]TimeZones!$B$3:$E$597,4,FALSE) -> +03:30
A55: FALM | B55: small_airport | C55: Makhado Air Force Base Airport | D55: -23.159901 | E55: 29.696501 | F55: 3069 | G55: ZA | I55: =VLOOKUP(A55,[1]ВПП!$C$2:$E$22885,3,) -> 4020 | J55: =VLOOKUP(A55,[1]ВПП!$C$2:$G$22885,5,) -> 46 | K55: =VLOOKUP(A55,[1]ВПП!$C$2:$H$22885,6,) -> ASP | L55: =A55 -> FALM | M55: AF | N55: ZA-NP | O55: Louis Trichardt Southwest | P55: Africa/Johannesburg | Q55: =VLOOKUP(P55,[1]TimeZones!$B$3:$E$597,4,FALSE) -> +02:00
A56: ORAT | B56: medium_airport | C56: Al Taqaddum Air Base | D56: 33.3381 | E56: 43.597099 | F56: 275 | G56: IQ | H56: TQD | I56: =VLOOKUP(A56,[1]ВПП!$C$2:$E$22885,3,) -> 4019 | J56: =VLOOKUP(A56,[1]ВПП!$C$2:$G$22885,5,) -> 61 | K56: =VLOOKUP(A56,[1]ВПП!$C$2:$H$22885,6,) -> CON | L56: =A56 -> ORAT | M56: AS | N56: IQ-AN | O56: Al Habbaniyah | P56: Asia/Baghdad | Q56: =VLOOKUP(P56,[1]TimeZones!$B$3:$E$597,4,FALSE) -> +03:00
A57: OETH | B57: small_airport | C57: Thumamah Airport | D57: 25.212999 | E57: 46.640999 | F57: 1870 | G57: SA | I57: =VLOOKUP(A57,[1]ВПП!$C$2:$E$22885,3,) -> 4014 | J57: =VLOOKUP(A57,[1]ВПП!$C$2:$G$22885,5,) -> 61 | K57: =VLOOKUP(A57,[1]ВПП!$C$2:$H$22885,6,) -> ASP | L57: =A57 -> OETH | M57: AS | N57: SA-01 | P57: Asia/Riyadh | Q57: =VLOOKUP(P57,[1]TimeZones!$B$3:$E$597,4,FALSE) -> +03:00
A58: OEMA | B58: large_airport | C58: Prince Mohammad Bin Abdulaziz Airport | D58: 24.5534 | E58: 39.705101 | F58: 2151 | G58: SA | H58: MED | I58: =VLOOKUP(A58,[1]ВПП!$C$2:$E$22885,3,) -> 4008 | J58: =VLOOKUP(A58,[1]ВПП!$C$2:$G$22885,5,) -> 45 | K58: =VLOOKUP(A58,[1]ВПП!$C$2:$H$22885,6,) -> ASP | L58: =A58 -> OEMA | M58: AS | N58: SA-03 | O58: Medina | P58: Asia/Riyadh | Q58: =VLOOKUP(P58,[1]TimeZones!$B$3:$E$597,4,FALSE) -> +03:00
A59: OEPS | B59: medium_airport | C59: Prince Sultan Air Base | D59: 24.0627 | E59: 47.580502 | F59: 1651 | G59: SA | H59: AKH | I59: =VLOOKUP(A59,[1]ВПП!$C$2:$E$22885,3,) -> 4006 | J59: =VLOOKUP(A59,[1]ВПП!$C$2:$G$22885,5,) -> 45 | K59: =VLOOKUP(A59,[1]ВПП!$C$2:$H$22885,6,) -> ASP | L59: =A59 -> OEPS | M59: AS | N59: SA-01 | P59: Asia/Riyadh | Q59: =VLOOKUP(P59,[1]TimeZones!$B$3:$E$597,4,FALSE) -> +03:00
A60: MMGL | B60: large_airport | C60: Don Miguel Hidalgo Y Costilla International Airport | D60: 20.521799 | E60: -103.311 | F60: 5016 | G60: MX | H60: GDL | I60: =VLOOKUP(A60,[1]ВПП!$C$2:$E$22885,3,) -> 4005 | J60: =VLOOKUP(A60,[1]ВПП!$C$2:$G$22885,5,) -> 60 | K60: =VLOOKUP(A60,[1]ВПП!$C$2:$H$22885,6,) -> CON | L60: =A60 -> MMGL | M60: NA | N60: MX-JAL | O60: Guadalajara | P60: America/Mexico_City | Q60: =VLOOKUP(P60,[1]TimeZones!$B$3:$E$597,4,FALSE) -> −06:00
A61: MUCU | B61: medium_airport | C61: Antonio Maceo International Airport | D61: 19.969801 | E61: -75.835403 | F61: 249 | G61: CU | H61: SCU | I61: =VLOOKUP(A61,[1]ВПП!$C$2:$E$22885,3,) -> 4002 | J61: =VLOOKUP(A61,[1]ВПП!$C$2:$G$22885,5,) -> 45 | K61: =VLOOKUP(A61,[1]ВПП!$C$2:$H$22885,6,) -> ASP | L61: =A61 -> MUCU | M61: NA | N61: CU-13 | O61: Santiago | P61: America/Havana | Q61: =VLOOKUP(P61,[1]TimeZones!$B$3:$E$597,4,FALSE) -> −05:00
A62: EDDF | B62: large_airport | C62: Frankfurt am Main Airport | D62: 50.033333 | E62: 8.570556 | F62: 364 | G62: DE | H62: FRA | I62: =VLOOKUP(A62,[1]ВПП!$C$2:$E$22885,3,) -> 4000 | J62: =VLOOKUP(A62,[1]ВПП!$C$2:$G$22885,5,) -> 60 | K62: =VLOOKUP(A62,[1]ВПП!$C$2:$H$22885,6,) -> ASP | L62: =A62 -> EDDF | M62: EU | N62: DE-HE | O62: Frankfurt am Main | P62: Europe/Berlin | Q62: =VLOOKUP(P62,[1]TimeZones!$B$3:$E$597,4,FALSE) -> +01:00
A63: EDDM | B63: large_airport | C63: Munich Airport | D63: 48.353802 | E63: 11.7861 | F63: 1487 | G63: DE | H63: MUC | I63: =VLOOKUP(A63,[1]ВПП!$C$2:$E$22885,3,) -> 4000 | J63: =VLOOKUP(A63,[1]ВПП!$C$2:$G$22885,5,) -> 60 | K63: =VLOOKUP(A63,[1]ВПП!$C$2:$H$22885,6,) -> CON | L63: =A63 -> EDDM | M63: EU | N63: DE-BY | O63: Munich | P63: Europe/Berlin | Q63: =VLOOKUP(P63,[1]TimeZones!$B$3:$E$597,4,FALSE) -> +01:00
A64: ELLX | B64: large_airport | C64: Luxembourg-Findel International Airport | D64: 49.623333 | E64: 6.2044444 | F64: 1234 | G64: LU | H64: LUX | I64: =VLOOKUP(A64,[1]ВПП!$C$2:$E$22885,3,) -> 4000 | J64: =VLOOKUP(A64,[1]ВПП!$C$2:$G$22885,5,) -> 60 | K64: =VLOOKUP(A64,[1]ВПП!$C$2:$H$22885,6,) -> PEM | L64: =A64 -> ELLX | M64: EU | N64: LU-L | O64: Luxembourg | P64: Europe/Luxembourg | Q64: =VLOOKUP(P64,[1]TimeZones!$B$3:$E$597,4,FALSE) -> +01:00
A65: FBSK | B65: large_airport | C65: Sir Seretse Khama International Airport | D65: -24.555201 | E65: 25.9182 | F65: 3299 | G65: BW | H65: GBE | I65: =VLOOKUP(A65,[1]ВПП!$C$2:$E$22885,3,) -> 4000 | J65: =VLOOKUP(A65,[1]ВПП!$C$2:$G$22885,5,) -> 45 | K65: =VLOOKUP(A65,[1]ВПП!$C$2:$H$22885,6,) -> CON | L65: =A65 -> FBSK | M65: AF | N65: BW-SE | O65: Gaborone | P65: Africa/Gaborone | Q65: =VLOOKUP(P65,[1]TimeZones!$B$3:$E$597,4,FALSE) -> +02:00
A66: HECA | B66: large_airport | C66: Cairo International Airport | D66: 30.121901 | E66: 31.4056 | F66: 382 | G66: EG | H66: CAI | I66: =VLOOKUP(A66,[1]ВПП!$C$2:$E$22885,3,) -> 4000 | J66: =VLOOKUP(A66,[1]ВПП!$C$2:$G$22885,5,) -> 60 | K66: =VLOOKUP(A66,[1]ВПП!$C$2:$H$22885,6,) -> Asphalt | L66: =A66 -> HECA | M66: AF | N66: EG-C | O66: Cairo | P66: Africa/Cairo | Q66: =VLOOKUP(P66,[1]TimeZones!$B$3:$E$597,4,FALSE) -> +02:00
A67: HEGN | B67: large_airport | C67: Hurghada International Airport | D67: 27.180325 | E67: 33.807292 | F67: 32 | G67: EG | H67: HRG | I67: =VLOOKUP(A67,[1]ВПП!$C$2:$E$22885,3,) -> 4000 | J67: =VLOOKUP(A67,[1]ВПП!$C$2:$G$22885,5,) -> 45 | K67: =VLOOKUP(A67,[1]ВПП!$C$2:$H$22885,6,) -> ASP | L67: =A67 -> HEGN | M67: AF | N67: EG-BA | O67: Hurghada | P67: Africa/Cairo | Q67: =VLOOKUP(P67,[1]TimeZones!$B$3:$E$597,4,FALSE) -> +02:00
A68: HETB | B68: medium_airport | C68: Taba International Airport | D68: 29.587799 | E68: 34.778099 | F68: 2415 | G68: EG | H68: TCP | I68: =VLOOKUP(A68,[1]ВПП!$C$2:$E$22885,3,) -> 4000 | J68: =VLOOKUP(A68,[1]ВПП!$C$2:$G$22885,5,) -> 45 | K68: =VLOOKUP(A68,[1]ВПП!$C$2:$H$22885,6,) -> ASP | L68: =A68 -> HETB | M68: AF | N68: EG-SIN | O68: Taba | P68: Africa/Cairo | Q68: =VLOOKUP(P68,[1]TimeZones!$B$3:$E$597,4,FALSE) -> +02:00
A69: HSMN | B69: medium_airport | C69: Merowe New Airport | D69: 18.443333 | E69: 31.843333 | F69: 897 | G69: SD | H69: MWE | I69: =VLOOKUP(A69,[1]ВПП!$C$2:$E$22885,3,) -> 4000 | J69: =VLOOKUP(A69,[1]ВПП!$C$2:$G$22885,5,) -> 0 | K69: =VLOOKUP(A69,[1]ВПП!$C$2:$H$22885,6,) -> Asphalt | L69: =A69 -> HSMN | M69: AF | N69: SD-01 | O69: Merowe | P69: \N | Q69: =VLOOKUP(P69,[1]TimeZones!$B$3:$E$597,4,FALSE) -> #N/A
A70: LERL | B70: medium_airport | C70: Ciudad Real International Airport | D70: 38.856479 | E70: -3.969944 | G70: ES | H70: CQM | I70: =VLOOKUP(A70,[1]ВПП!$C$2:$E$22885,3,) -> 4000 | J70: =VLOOKUP(A70,[1]ВПП!$C$2:$G$22885,5,) -> 60 | K70: =VLOOKUP(A70,[1]ВПП!$C$2:$H$22885,6,) -> concrete | L70: =A70 -> LERL | M70: EU | N70: ES-CR | O70: Ciudad Real | P70: Europe/Madrid | Q70: =VLOOKUP(P70,[1]TimeZones!$B$3:$E$597,4,FALSE) -> +01:00
A71: LFLL | B71: large_airport | C71: Lyon Saint-ExupГ©ry Airport | D71: 45.725556 | E71: 5.081111 | F71: 821 | G71: FR | H71: LYS | I71: =VLOOKUP(A71,[1]ВПП!$C$2:$E$22885,3,) -> 4000 | J71: =VLOOKUP(A71,[1]ВПП!$C$2:$G$22885,5,) -> 45 | K71: =VLOOKUP(A71,[1]ВПП!$C$2:$H$22885,6,) -> ASP | L71: =A71 -> LFLL | M71: EU | N71: FR-ARA | O71: Lyon | P71: Europe/Paris | Q71: =VLOOKUP(P71,[1]TimeZones!$B$3:$E$597,4,FALSE) -> +01:00
A72: LGAV | B72: large_airport | C72: Eleftherios Venizelos International Airport | D72: 37.936401 | E72: 23.9445 | F72: 308 | G72: GR | H72: ATH | I72: =VLOOKUP(A72,[1]ВПП!$C$2:$E$22885,3,) -> 4000 | J72: =VLOOKUP(A72,[1]ВПП!$C$2:$G$22885,5,) -> 45 | K72: =VLOOKUP(A72,[1]ВПП!$C$2:$H$22885,6,) -> ASP | L72: =A72 -> LGAV | M72: EU | N72: GR-A1 | O72: Athens | P72: Europe/Athens | Q72: =VLOOKUP(P72,[1]TimeZones!$B$3:$E$597,4,FALSE) -> +02:00
A73: MUHA | B73: large_airport | C73: JosГ© MartГ­ International Airport | D73: 22.989201 | E73: -82.409103 | F73: 210 | G73: CU | H73: HAV | I73: =VLOOKUP(A73,[1]ВПП!$C$2:$E$22885,3,) -> 4000 | J73: =VLOOKUP(A73,[1]ВПП!$C$2:$G$22885,5,) -> 45 | K73: =VLOOKUP(A73,[1]ВПП!$C$2:$H$22885,6,) -> ASP | L73: =A73 -> MUHA | M73: NA | N73: CU-03 | O73: Havana | P73: America/Havana | Q73: =VLOOKUP(P73,[1]TimeZones!$B$3:$E$597,4,FALSE) -> −05:00
A74: OEDF | B74: large_airport | C74: King Fahd International Airport | D74: 26.471201 | E74: 49.797901 | F74: 72 | G74: SA | H74: DMM | I74: =VLOOKUP(A74,[1]ВПП!$C$2:$E$22885,3,) -> 4000 | J74: =VLOOKUP(A74,[1]ВПП!$C$2:$G$22885,5,) -> 60 | K74: =VLOOKUP(A74,[1]ВПП!$C$2:$H$22885,6,) -> ASP | L74: =A74 -> OEDF | M74: AS | N74: SA-04 | O74: Ad Dammam | P74: Asia/Riyadh | Q74: =VLOOKUP(P74,[1]TimeZones!$B$3:$E$597,4,FALSE) -> +03:00
A75: OEJB | B75: medium_airport | C75: Jubail Airport | D75: 27.039 | E75: 49.405102 | F75: 26 | G75: SA | H75: QJB | I75: =VLOOKUP(A75,[1]ВПП!$C$2:$E$22885,3,) -> 4000 | J75: =VLOOKUP(A75,[1]ВПП!$C$2:$G$22885,5,) -> 45 | K75: =VLOOKUP(A75,[1]ВПП!$C$2:$H$22885,6,) -> ASP | L75: =A75 -> OEJB | M75: AS | N75: SA-04 | O75: Jubail | P75: Asia/Riyadh | Q75: =VLOOKUP(P75,[1]TimeZones!$B$3:$E$597,4,FALSE) -> +03:00
A76: OEJN | B76: large_airport | C76: King Abdulaziz International Airport | D76: 21.6796 | E76: 39.156502 | F76: 48 | G76: SA | H76: JED | I76: =VLOOKUP(A76,[1]ВПП!$C$2:$E$22885,3,) -> 4000 | J76: =VLOOKUP(A76,[1]ВПП!$C$2:$G$22885,5,) -> 45 | K76: =VLOOKUP(A76,[1]ВПП!$C$2:$H$22885,6,) -> ASP | L76: =A76 -> OEJN | M76: AS | N76: SA-02 | O76: Jeddah | P76: Asia/Riyadh | Q76: =VLOOKUP(P76,[1]TimeZones!$B$3:$E$597,4,FALSE) -> +03:00
A77: OM-0003 | B77: large_airport | C77: Duqm International Airport | D77: 19.501944 | E77: 57.634167 | F77: 364 | G77: OM | H77: DQM | I77: =VLOOKUP(A77,[1]ВПП!$C$2:$E$22885,3,) -> 4000 | J77: =VLOOKUP(A77,[1]ВПП!$C$2:$G$22885,5,) -> 59 | K77: =VLOOKUP(A77,[1]ВПП!$C$2:$H$22885,6,) -> CON | L77: =A77 -> OM-0003 | M77: AS | N77: OM-WU | O77: Duqm | P77: #N/A | Q77: =VLOOKUP(P77,[1]TimeZones!$B$3:$E$597,4,FALSE) -> #N/A
A78: OMAL | B78: medium_airport | C78: Al Ain International Airport | D78: 24.2617 | E78: 55.6092 | F78: 869 | G78: AE | H78: AAN | I78: =VLOOKUP(A78,[1]ВПП!$C$2:$E$22885,3,) -> 4000 | J78: =VLOOKUP(A78,[1]ВПП!$C$2:$G$22885,5,) -> 45 | K78: =VLOOKUP(A78,[1]ВПП!$C$2:$H$22885,6,) -> ASP | L78: =A78 -> OMAL | M78: AS | N78: AE-AZ | O78: Al Ain | P78: Asia/Dubai | Q78: =VLOOKUP(P78,[1]TimeZones!$B$3:$E$597,4,FALSE) -> +04:00
A79: OOMS | B79: large_airport | C79: Muscat International Airport | D79: 23.5933 | E79: 58.284401 | F79: 48 | G79: OM | H79: MCT | I79: =VLOOKUP(A79,[1]ВПП!$C$2:$E$22885,3,) -> 4000 | J79: =VLOOKUP(A79,[1]ВПП!$C$2:$G$22885,5,) -> 0 | K79: =VLOOKUP(A79,[1]ВПП!$C$2:$H$22885,6,) -> ASP | L79: =A79 -> OOMS | M79: AS | N79: OM-MA | O79: Muscat | P79: Asia/Muscat | Q79: =VLOOKUP(P79,[1]TimeZones!$B$3:$E$597,4,FALSE) -> +04:00
A80: OOTH | B80: medium_airport | C80: Thumrait Air Base | D80: 17.666 | E80: 54.024601 | F80: 1570 | G80: OM | H80: TTH | I80: =VLOOKUP(A80,[1]ВПП!$C$2:$E$22885,3,) -> 4000 | J80: =VLOOKUP(A80,[1]ВПП!$C$2:$G$22885,5,) -> 45 | K80: =VLOOKUP(A80,[1]ВПП!$C$2:$H$22885,6,) -> ASP | L80: =A80 -> OOTH | M80: AS | N80: OM-ZU | O80: Thumrait | P80: Asia/Muscat | Q80: =VLOOKUP(P80,[1]TimeZones!$B$3:$E$597,4,FALSE) -> +04:00
A81: ORAA | B81: medium_airport | C81: Al Asad Air Base | D81: 33.785599 | E81: 42.4412 | F81: 618 | G81: IQ | H81: IQA | I81: =VLOOKUP(A81,[1]ВПП!$C$2:$E$22885,3,) -> 4000 | J81: =VLOOKUP(A81,[1]ВПП!$C$2:$G$22885,5,) -> 60 | K81: =VLOOKUP(A81,[1]ВПП!$C$2:$H$22885,6,) -> ASP | L81: =A81 -> ORAA | M81: AS | N81: IQ-AN | O81: HД«t | P81: Asia/Baghdad | Q81: =VLOOKUP(P81,[1]TimeZones!$B$3:$E$597,4,FALSE) -> +03:00
A82: ORBI | B82: large_airport | C82: Baghdad International Airport / New Al Muthana Air Base | D82: 33.262501 | E82: 44.2346 | F82: 114 | G82: IQ | H82: BGW | I82: =VLOOKUP(A82,[1]ВПП!$C$2:$E$22885,3,) -> 4000 | J82: =VLOOKUP(A82,[1]ВПП!$C$2:$G$22885,5,) -> 60 | K82: =VLOOKUP(A82,[1]ВПП!$C$2:$H$22885,6,) -> CON | L82: =A82 -> ORBI | M82: AS | N82: IQ-BG | O82: Baghdad | P82: Asia/Baghdad | Q82: =VLOOKUP(P82,[1]TimeZones!$B$3:$E$597,4,FALSE) -> +03:00
A83: ORMM | B83: large_airport | C83: Basra International Airport | D83: 30.549101 | E83: 47.662102 | F83: 11 | G83: IQ | H83: BSR | I83: =VLOOKUP(A83,[1]ВПП!$C$2:$E$22885,3,) -> 4000 | J83: =VLOOKUP(A83,[1]ВПП!$C$2:$G$22885,5,) -> 45 | K83: =VLOOKUP(A83,[1]ВПП!$C$2:$H$22885,6,) -> CON | L83: =A83 -> ORMM | M83: AS | N83: IQ-BA | O83: Basra | P83: Asia/Baghdad | Q83: =VLOOKUP(P83,[1]TimeZones!$B$3:$E$597,4,FALSE) -> +03:00
A84: RJAA | B84: large_airport | C84: Narita International Airport | D84: 35.764702 | E84: 140.386 | F84: 141 | G84: JP | H84: NRT | I84: =VLOOKUP(A84,[1]ВПП!$C$2:$E$22885,3,) -> 4000 | J84: =VLOOKUP(A84,[1]ВПП!$C$2:$G$22885,5,) -> 60 | K84: =VLOOKUP(A84,[1]ВПП!$C$2:$H$22885,6,) -> ASP | L84: =A84 -> RJAA | M84: AS | N84: JP-12 | O84: Tokyo | P84: Asia/Tokyo | Q84: =VLOOKUP(P84,[1]TimeZones!$B$3:$E$597,4,FALSE) -> +09:00
A85: RJBB | B85: large_airport | C85: Kansai International Airport | D85: 34.427299 | E85: 135.244 | F85: 26 | G85: JP | H85: KIX | I85: =VLOOKUP(A85,[1]ВПП!$C$2:$E$22885,3,) -> 4000 | J85: =VLOOKUP(A85,[1]ВПП!$C$2:$G$22885,5,) -> 60 | K85: =VLOOKUP(A85,[1]ВПП!$C$2:$H$22885,6,) -> ASP | L85: =A85 -> RJBB | M85: AS | N85: JP-27 | O85: Osaka | P85: Asia/Tokyo | Q85: =VLOOKUP(P85,[1]TimeZones!$B$3:$E$597,4,FALSE) -> +09:00
A86: RJCJ | B86: medium_airport | C86: JASDF Chitose Air Base | D86: 42.794498 | E86: 141.666 | F86: 87 | G86: JP | I86: =VLOOKUP(A86,[1]ВПП!$C$2:$E$22885,3,) -> 4000 | J86: =VLOOKUP(A86,[1]ВПП!$C$2:$G$22885,5,) -> 61 | K86: =VLOOKUP(A86,[1]ВПП!$C$2:$H$22885,6,) -> CON | L86: =A86 -> RJCJ | M86: AS | N86: JP-01 | O86: Chitose | P86: Asia/Tokyo | Q86: =VLOOKUP(P86,[1]TimeZones!$B$3:$E$597,4,FALSE) -> +09:00
A87: SBGL | B87: large_airport | C87: Rio GaleГЈo вЂ“ Tom Jobim International Airport | D87: -22.809999 | E87: -43.250557 | F87: 28 | G87: BR | H87: GIG | I87: =VLOOKUP(A87,[1]ВПП!$C$2:$E$22885,3,) -> 4000 | J87: =VLOOKUP(A87,[1]ВПП!$C$2:$G$22885,5,) -> 45 | K87: =VLOOKUP(A87,[1]ВПП!$C$2:$H$22885,6,) -> CON | L87: =A87 -> SBGL | M87: SA | N87: BR-RJ | O87: Rio De Janeiro | P87: America/Sao_Paulo | Q87: =VLOOKUP(P87,[1]TimeZones!$B$3:$E$597,4,FALSE) -> −03:00
A88: SLLP | B88: medium_airport | C88: El Alto International Airport | D88: -16.5133 | E88: -68.192299 | F88: 13355 | G88: BO | H88: LPB | I88: =VLOOKUP(A88,[1]ВПП!$C$2:$E$22885,3,) -> 4000 | J88: =VLOOKUP(A88,[1]ВПП!$C$2:$G$22885,5,) -> 46 | K88: =VLOOKUP(A88,[1]ВПП!$C$2:$H$22885,6,) -> CON | L88: =A88 -> SLLP | M88: SA | N88: BO-L | O88: La Paz / El Alto | P88: America/La_Paz | Q88: =VLOOKUP(P88,[1]TimeZones!$B$3:$E$597,4,FALSE) -> −04:00
A89: UBBB | B89: large_airport | C89: Heydar Aliyev International Airport | D89: 40.467499 | E89: 50.0467 | F89: 10 | G89: AZ | H89: GYD | I89: =VLOOKUP(A89,[1]ВПП!$C$2:$E$22885,3,) -> 4000 | J89: =VLOOKUP(A89,[1]ВПП!$C$2:$G$22885,5,) -> 60 | K89: =VLOOKUP(A89,[1]ВПП!$C$2:$H$22885,6,) -> ASP | L89: =A89 -> UBBB | M89: AS | N89: AZ-BA | O89: Baku | P89: Asia/Baku | Q89: =VLOOKUP(P89,[1]TimeZones!$B$3:$E$597,4,FALSE) -> +04:00
A90: UHHH | B90: large_airport | C90: Khabarovsk Novy Airport | D90: 48.528338 | E90: 135.18859 | F90: 244 | G90: RU | H90: KHV | I90: =VLOOKUP(A90,[1]ВПП!$C$2:$E$22885,3,) -> 4000 | J90: =VLOOKUP(A90,[1]ВПП!$C$2:$G$22885,5,) -> 60 | K90: =VLOOKUP(A90,[1]ВПП!$C$2:$H$22885,6,) -> CON | L90: =A90 -> UHHH | M90: EU | N90: RU-KHA | O90: Khabarovsk | P90: Asia/Vladivostok | Q90: =VLOOKUP(P90,[1]TimeZones!$B$3:$E$597,4,FALSE) -> +10:00
A91: UKBB | B91: large_airport | C91: Boryspil International Airport | D91: 50.345001 | E91: 30.894699 | F91: 427 | G91: UA | H91: KBP | I91: =VLOOKUP(A91,[1]ВПП!$C$2:$E$22885,3,) -> 4000 | J91: =VLOOKUP(A91,[1]ВПП!$C$2:$G$22885,5,) -> 60 | K91: =VLOOKUP(A91,[1]ВПП!$C$2:$H$22885,6,) -> CON | L91: =A91 -> UKBB | M91: EU | N91: UA-32 | O91: Kiev | P91: Europe/Kiev | Q91: =VLOOKUP(P91,[1]TimeZones!$B$3:$E$597,4,FALSE) -> +02:00
A92: UTTT | B92: large_airport | C92: Tashkent International Airport | D92: 41.2579 | E92: 69.281197 | F92: 1417 | G92: UZ | H92: TAS | I92: =VLOOKUP(A92,[1]ВПП!$C$2:$E$22885,3,) -> 4000 | J92: =VLOOKUP(A92,[1]ВПП!$C$2:$G$22885,5,) -> 60 | K92: =VLOOKUP(A92,[1]ВПП!$C$2:$H$22885,6,) -> CON | L92: =A92 -> UTTT | M92: AS | N92: UZ-TO | O92: Tashkent | P92: Asia/Samarkand | Q92: =VLOOKUP(P92,[1]TimeZones!$B$3:$E$597,4,FALSE) -> +05:00
A93: VOBL | B93: large_airport | C93: Kempegowda International Airport | D93: 13.1979 | E93: 77.706299 | F93: 3000 | G93: IN | H93: BLR | I93: =VLOOKUP(A93,[1]ВПП!$C$2:$E$22885,3,) -> 4000 | J93: =VLOOKUP(A93,[1]ВПП!$C$2:$G$22885,5,) -> 45 | K93: =VLOOKUP(A93,[1]ВПП!$C$2:$H$22885,6,) -> paved | L93: =A93 -> VOBL | M93: AS | N93: IN-KA | O93: Bangalore | P93: Asia/Calcutta | Q93: =VLOOKUP(P93,[1]TimeZones!$B$3:$E$597,4,FALSE) -> +05:30
A94: VTBS | B94: large_airport | C94: Suvarnabhumi Airport | D94: 13.6811 | E94: 100.747 | F94: 5 | G94: TH | H94: BKK | I94: =VLOOKUP(A94,[1]ВПП!$C$2:$E$22885,3,) -> 4000 | J94: =VLOOKUP(A94,[1]ВПП!$C$2:$G$22885,5,) -> 60 | K94: =VLOOKUP(A94,[1]ВПП!$C$2:$H$22885,6,) -> ASP | L94: =A94 -> VTBS | M94: AS | N94: TH-10 | O94: Bangkok | P94: Asia/Bangkok | Q94: =VLOOKUP(P94,[1]TimeZones!$B$3:$E$597,4,FALSE) -> +07:00
A95: WSSS | B95: large_airport | C95: Singapore Changi Airport | D95: 1.35019 | E95: 103.994 | F95: 22 | G95: SG | H95: SIN | I95: =VLOOKUP(A95,[1]ВПП!$C$2:$E$22885,3,) -> 4000 | J95: =VLOOKUP(A95,[1]ВПП!$C$2:$G$22885,5,) -> 60 | K95: =VLOOKUP(A95,[1]ВПП!$C$2:$H$22885,6,) -> ASP | L95: =A95 -> WSSS | M95: AS | N95: SG-04 | O95: Singapore | P95: Asia/Singapore | Q95: =VLOOKUP(P95,[1]TimeZones!$B$3:$E$597,4,FALSE) -> +08:00
A96: ZSPD | B96: large_airport | C96: Shanghai Pudong International Airport | D96: 31.1434 | E96: 121.805 | F96: 13 | G96: CN | H96: PVG | I96: =VLOOKUP(A96,[1]ВПП!$C$2:$E$22885,3,) -> 4000 | J96: =VLOOKUP(A96,[1]ВПП!$C$2:$G$22885,5,) -> 60 | K96: =VLOOKUP(A96,[1]ВПП!$C$2:$H$22885,6,) -> CON | L96: =A96 -> ZSPD | M96: AS | N96: CN-31 | O96: Shanghai (Pudong) | P96: Asia/Shanghai | Q96: =VLOOKUP(P96,[1]TimeZones!$B$3:$E$597,4,FALSE) -> +08:00
A97: ZUKD | B97: medium_airport | C97: Kangding Airport | D97: 30.142464 | E97: 101.73872 | F97: 14042 | G97: CN | H97: KGT | I97: =VLOOKUP(A97,[1]ВПП!$C$2:$E$22885,3,) -> 4000 | J97: =VLOOKUP(A97,[1]ВПП!$C$2:$G$22885,5,) -> 52 | K97: =VLOOKUP(A97,[1]ВПП!$C$2:$H$22885,6,) -> Concrete | L97: =A97 -> ZUKD | M97: AS | N97: CN-51 | O97: Kangding | P97: Asia/Shanghai | Q97: =VLOOKUP(P97,[1]TimeZones!$B$3:$E$597,4,FALSE) -> +08:00
A98: ZULS | B98: medium_airport | C98: Lhasa Gonggar Airport | D98: 29.2978 | E98: 90.911903 | F98: 11713 | G98: CN | H98: LXA | I98: =VLOOKUP(A98,[1]ВПП!$C$2:$E$22885,3,) -> 4000 | J98: =VLOOKUP(A98,[1]ВПП!$C$2:$G$22885,5,) -> 45 | K98: =VLOOKUP(A98,[1]ВПП!$C$2:$H$22885,6,) -> Asphalt | L98: =A98 -> ZULS | M98: AS | N98: CN-54 | O98: Lhasa | P98: Asia/Shanghai | Q98: =VLOOKUP(P98,[1]TimeZones!$B$3:$E$597,4,FALSE) -> +08:00
... A102: OIMC | B102: medium_airport | C102: Sarakhs Airport | D102: 36.501202 | E102: 61.064899 | F102: 945 | G102: IR | H102: CKT | I102: =VLOOKUP(A102,[1]ВПП!$C$2:$E$22885,3,) -> 3986 | J102: =VLOOKUP(A102,[1]ВПП!$C$2:$G$22885,5,) -> 45 | K102: =VLOOKUP(A102,[1]ВПП!$C$2:$H$22885,6,) -> ASP | L102: =A102 -> OIMC | M102: AS | N102: IR-30 | O102: Sarakhs | P102: Asia/Tehran | Q102: =VLOOKUP(P102,[1]TimeZones!$B$3:$E$597,4,FALSE) -> +03:30
A103: SPLC | B103: small_airport | C103: Mariano Melgar | D103: -16.7915 | E103: -71.886597 | F103: 3890 | G103: PE | I103: =VLOOKUP(A103,[1]ВПП!$C$2:$E$22885,3,) -> 3982 | J103: =VLOOKUP(A103,[1]ВПП!$C$2:$G$22885,5,) -> 49 | K103: =VLOOKUP(A103,[1]ВПП!$C$2:$H$22885,6,) -> ASP | L103: =A103 -> SPLC | M103: SA | N103: PE-ARE | O103: La Joya | P103: #N/A | Q103: =VLOOKUP(P103,[1]TimeZones!$B$3:$E$597,4,FALSE) -> #N/A
...
